 Dungeon Crawl Stone Soup version bcrawl-1.18.1 (webtiles) character file.

Game seed: 290640404602532402

130 Freyura the Cudgeler (level 4, -3/34 HPs)
             Began as a Demonspawn Gladiator on Nov 13, 2019.
             Slain by a crocodile (4 damage)
             ... in a sewer.
             The game lasted 00:05:09 (3007 turns).

Freyura the Cudgeler (Demonspawn Gladiator)         Turns: 3007, Time: 00:05:09

Health: -3/34      AC:  4    Str: 14    XL:     4   Next: 90%
Magic:  0/13       EV: 13    Int:  9    God:
Gold:   135        SH:  0    Dex: 16    Spells: 3/3 levels left

rFire    . . .     SeeInvis .   s - -2 mace
rCold    . . .     Gourm    .   (no shield)
rNeg     . . .     Faith    .   b - +0 leather armour
rPois    .         Spirit   +   (helmet restricted)
rElec    .         Reflect  .   (no cloak)
rCorr    .         Harm     .   (no gloves)
MR       .....                  e - +0 pair of boots
Stlth    ++........             j - amulet of guardian spirit
HPRegen  0.11/turn              n - ring of magical power
MPRegen  0.13/turn              (no ring)

@: no status effects
A: antennae 1, hooves 1, nightstalker 1
a: no special abilities


You were in a sewer.
You were near starving.

You visited 1 branch of the dungeon, and saw 3 of its levels.
You also visited: Sewer.

You collected 135 gold pieces.

Inventory:

Hand Weapons
 a - a +0 flail
 s - a -2 mace (weapon)
Missiles
 d - 3 throwing nets (quivered) {!f}
Armour
 b - a +0 leather armour (worn)
 c - a +0 helmet
 e - a +0 pair of boots (worn)
Magical Staves
 q - an uncursed staff of fire {unknown}
Jewellery
 h - an uncursed amulet of rage
 j - an amulet of guardian spirit (around neck)
 n - a ring of magical power (left hand)
Scrolls
 g - a scroll of teleportation
 k - a scroll of identify
Potions
 i - a potion of haste
 l - a potion of invisibility {unknown}
 m - a potion of might
 o - 2 potions of flight {unknown}
 p - a potion of degeneration {unknown}
Comestibles
 f - 7 rations {!d}


   Skills:
 + Level 2.9 Fighting
 * Level 3.8 Maces & Flails
 - Level 1.7 Throwing
 + Level 1.5 Armour
 + Level 3.3 Dodging


You had 3 spell levels left.
You didn't know any spells.
Your spell library was empty.

Dungeon Overview and Level Annotations

Branches:
Dungeon (3/12)

Altars:
Cheibriados
The Shining One


Innate Abilities, Weirdness & Mutations

You have a pair of small antennae on your head.
You have large cloven feet.
You are slightly more attuned to the shadows.


Message History

The crocodile bites you!
You are too injured to fight recklessly!
You are too injured to fight recklessly!
You are too injured to fight recklessly!
You are too injured to fight recklessly!
You enter the shallow water.
Moving in this stuff is going to be slow.
The crocodile closely misses you.
The crocodile bites you but does no damage.
You hit the crocodile.
The crocodile is lightly wounded.
The crocodile barely misses you. The crocodile bites you!
You closely miss the crocodile.
The crocodile is lightly wounded.
The crocodile bites you!
* * * LOW HITPOINT WARNING * * *
You hit the crocodile but do no damage.
The crocodile is lightly wounded.
The crocodile bites you.
You die...

### ## ### ##...
..## #$( ###..≈.
....### #$≈##...≈.
...≈.# ###@....#
#≈≈.. #.t≈.≈.##
##..≈ ###....≈###
###....
#.≈##.....####.....#
#).####..≈...≈≈≈.###
#### ###.≈....###
########


You could see a crocodile.

Vanquished Creatures
  2 worker ants
  3 adders (D:3)
  An ooze (D:1)
  2 worms (D:2)
  A dart slug (D:2)
  3 leopard geckos (D:1)
  An orc (D:3)
  2 ball pythons (D:1)
  A giant cockroach (D:1)
  A goblin (D:3)
  4 hobgoblins
  6 jackals
  2 quokkas (D:2)
  4 bats
  2 frilled lizards
  5 kobolds
  2 rats
42 creatures vanquished.

Notes
Turn   | Place    | Note
-------+----------+-------------------------------------------
     0 | D:1      | Freyura the Demonspawn Gladiator began the quest for the
                  | Orb.
     0 | D:1      | Reached XP level 1. HP: 16/16 MP: 1/1
   339 | D:1      | Gained mutation: You have large cloven feet. [demonic
                  | ancestry]
   339 | D:1      | Reached XP level 2. HP: 16/22 MP: 2/2
  1122 | D:2      | Gained mutation: You have a pair of small antennae on your
                  | head. [demonic ancestry]
  1122 | D:2      | Reached XP level 3. HP: 27/28 MP: 1/3
  1130 | D:2      | Reached skill level 1 in Armour
  1363 | D:2      | Found a glowing golden altar of the Shining One.
  1761 | D:2      | Gained mutation: You are slightly more attuned to the
                  | shadows. [demonic ancestry]
  1761 | D:2      | Reached XP level 4. HP: 34/34 MP: 4/4
  2104 | D:3      | Found a snail-covered altar of Cheibriados.
  2452 | D:3      | Found a faded altar of an unknown god.
  2657 | D:3      | Found a glowing drain.
  2663 | Sewer    | Entered a sewer
  2987 | Sewer    | Noticed a crocodile
  3006 | Sewer    | HP: 1/34 [crocodile (11)]
  3007 | Sewer    | Slain by a crocodile

Skill      XL: |  1  2  3 |
---------------+----------+-----
Maces & Flails | 3 |  3.8
Armour         | 1 |  1.5
Dodging        | 3 |  3.3
Fighting       | |  2.9
Throwing       | |  1.7

Action                   |  1- 3 |  4- 6 || total
-------------------------+-------+-------++-------
Melee: Flail             |   107 |    47 ||   154
       Mace              |       |    26 ||    26
  Use: Scroll            |       |     8 ||     8
 Stab: Sleeping          |     1 |     1 ||     2
  Eat: Chunk             |     2 |     3 ||     5
Armor: Leather armour    |    37 |    23 ||    60
Dodge: Dodged            |    97 |    85 ||   182
